 Dungeon Crawl Stone Soup version 0.28.0-45-g0d030f2227 (webtiles) character file.

Game seed: 12039874871306074284

21918 MisterFreud the Grappler (level 12, -3/127 HPs)
             Began as a Yellow Draconian Transmuter on Apr 30, 2022.
             Was a Priest of Ru.
             Slain by an ironbound frostheart (9 damage)
             ... in an ice cave.
             The game lasted 00:21:12 (17131 turns).

MisterFreud the Grappler (DrTm)                    Turns: 17131, Time: 00:21:12

Health: -3/127     AC: 11    Str: 15    XL:     12   Next: 58%
Magic:  16/19      EV: 14    Int: 15    God:    Ru [***...]
Gold:   1102       SH:  0    Dex: 13    Spells: 12/21 levels left

rFire   x x .      SeeInvis .     - Unarmed
rCold   + + .      Faith    .   (shield currently unavailable)
rNeg    . . .      Spirit   .   (armour unavailable)
rPois   +          Reflect  .   (helmet currently unavailable)
rElec   .          Harm     .   (cloak currently unavailable)
rCorr   .          Rampage  .   (gloves currently unavailable)
Will    .....                   (boots currently unavailable)
Stlth   ..........              r - amulet of the acrobat
HPRegen 0.31/turn               u - +4 ring of protection
MPRegen 0.16/turn               M - ring of flight

@: short of breath, ice-form, frozen, flying, very slow
A: freezing attack, amphibious, boosted hp, (spit acid), AC +8, large, unfitting
armour, (cold-blooded), no stealth, temperature sensitive, (acid resistance)
a: End Transformation, Renounce Religion, Draw Out Power


You were in an ice cave.
You worshipped Ru.
Ru was most pleased with you.
You were a creature of crystalline ice.
You visited 2 branches of the dungeon, and saw 13 of its levels.
You also visited: Bailey and Ice Cave.

You collected 1102 gold pieces.

Inventory:

Missiles
 i - 28 poisoned darts
 m - 3 throwing nets
 q - 20 boomerangs
 A - 5 curare-tipped darts
 P - 4 silver boomerangs
Armour
 s - a scarf of invisibility
 w - a +1 cloak (melded)
 H - a +2 hat
Jewellery
 r - an amulet of the acrobat (around neck)
 u - a +4 ring of protection (left front paw)
 v - a +6 ring of dexterity
 J - a ring of protection from fire
 M - a ring of flight (right front paw)
Wands
 c - a wand of iceblast (16)
 d - a wand of charming (10)
 l - a wand of digging (3)
 p - a wand of flame (57)
 x - a wand of acid (5)
 y - a wand of mindburst (22)
 K - a wand of paralysis (4)
 L - a wand of polymorph (5)
Scrolls
 a - 2 scrolls of holy word
 b - 6 scrolls of teleportation
 g - a scroll of blinking
 k - 2 scrolls of amnesia
 E - 2 scrolls of fog
 F - a scroll of enchant weapon
 G - a scroll of summoning {unknown}
 I - a scroll of acquirement {unknown}
 O - a scroll of magic mapping {unknown}
 Q - a scroll of immolation {unknown}
Potions
 e - 2 potions of berserk rage
 f - a potion of attraction
 h - 3 potions of resistance
 j - 3 potions of cancellation
 n - 4 potions of might
 o - a potion of brilliance
 t - 3 potions of mutation
 z - 3 potions of heal wounds
 B - a potion of invisibility {unknown}
 C - 4 potions of curing
 D - 2 potions of haste
 N - 3 potions of flight
Miscellaneous
 R - a lightning rod (3/4)


   Skills:
 - Level 10.0 Fighting
 - Level 10.0 Dodging
 - Level 12.0 Unarmed Combat
 - Level 5.0 Spellcasting
 - Level 8.0 Transmutations
 - Level 4.0 Ice Magic
 + Level 5.3 Evocations


You had 12 spell levels left.
You knew the following spells:

 Your Spells              Type           Power      Damage    Failure   Level
b - Wereblood             Tmut           27%        N/A       1%          2
c - Spider Form           Tmut/Pois      15%        N/A       10%         3
d - Ice Form              Ice/Tmut       21%        N/A       14%         4

Your spell library contained the following spells:

 Spells                   Type           Power      Damage    Failure   Level
 Beastly Appendage        Tmut           54%        N/A       1%          1
 Sting                    Tmut/Pois      60%        1d6       3%          1
 Ozocubu's Armour         Ice            15%        N/A       10%         3
 Animate Skeleton         Necr           6%         N/A       16%         1
 Apportation              Tloc           6%         N/A       16%         1
 Magic Dart               Conj           12%        1d3       16%         1
 Summon Small Mammal      Summ           12%        N/A       16%         1
 Call Imp                 Summ           3%         N/A       24%         2
 Poisonous Vapours        Pois/Air       6%         N/A       24%         2
 Static Discharge         Conj/Air       3%         N/A       24%         2
 Call Canine Familiar     Summ           3%         N/A       43%         3
 Confusing Touch          Hex            3%         N/A       43%         3
 Mephitic Cloud           Conj/Pois/Air  3%         N/A       43%         3
 Portal Projectile        Hex/Tloc       6%         N/A       43%         3
 Yara's Violent Unravell  Hex/Tmut       7%         3d5       65%         5
 Dispel Undead            Necr           3%         3d7       85%         4
 Leda's Liquefaction      Hex/Erth       1%         N/A       85%         4
 Olgreb's Toxic Radiance  Pois           3%         N/A       85%         4
 Sticky Flame             Conj/Fire      3%         2d3       85%         4
 Freezing Cloud           Conj/Ice/Air   3%         6-21      95%         5
 Enfeeble                 Hex            1%         N/A       100%        7
 Ozocubu's Refrigeration  Ice            7%         4d6       100%        7
 Shatter                  Erth           1%         3d6*      100%        9


Dungeon Overview and Level Annotations

Branches:
Dungeon (12/15)            Temple (1/1) D:7            Lair (0/6) D:8
    Orc (0/2) D:11         Bailey (visited)           IceCv (1/1)

Altars:
Ashenzari
Dithmenos
Elyvilon
Makhleb
Nemelex Xobeh
Okawaru
Qazlal
Ru
Sif Muna
Wu Jian
Zin
Beogh

Annotations:
D:9 3 runed translucent doors, 1 transporter, dxctxrx's ghost, novice GnFE


Innate Abilities, Weirdness & Mutations

You are a creature of crystalline ice.
You have a powerful freezing melee attack.
You are amphibious.
Your maximum health is increased.
Your armour is entirely melded.
You are incapable of wielding weapons or throwing items.
((You can spit globs of acid.))
((Your golden yellow scales are hard. (AC +8)))
You cannot fit into any form of body armour.
((You are cold-blooded and may be slowed by cold attacks.))
You cannot be stealthy.
You are sensitive to extremes of temperature. (rF-, rC-)
((You are resistant to acid. (rCorr)))


Message History

Unknown command.
Unknown command.
Press: ? - help, Shift-Dir - straight line, f - ironbound frostheart
Aim: an ironbound frostheart, wearing a +0 ring mail (blind, 72% to hit)
You spit a glob of acid.
The glob of acid hits the ironbound frostheart!!
The ironbound frostheart is heavily wounded.
The ice encasing you melts away.
The ironbound frostheart calls freezing cold from the walls.
The frost grips you!!
You feel a painful chill!
You are encased in ice.
Unknown command.
Unknown command.
Casting: Ice Form (dangerous; 14% risk of failure)
Confirm with . or Enter, or press ? or * to list all spells.
You turn into a creature of crystalline ice.
Your +1 cloak melds into your body.
The ice encasing you melts away.
The ironbound frostheart completely misses you.
The ironbound frostheart misses you.
The ironbound frostheart is no longer blind.
The ironbound frostheart calls freezing cold from the walls.
The frost grips you!! You partially resist.
* * * LOW HITPOINT WARNING * * *
You are encased in ice.
You hit the ironbound frostheart.
The ironbound frostheart is moderately wounded.
Unknown command.
You punch the ironbound frostheart! You freeze the ironbound frostheart.
The ironbound frostheart is heavily wounded.
The ironbound frostheart touches you.
* * * LOW HITPOINT WARNING * * *
The ironbound frostheart freezes you! You resist.
* * * LOW HITPOINT WARNING * * *
You barely miss the ironbound frostheart.
The ironbound frostheart is heavily wounded.
The ironbound frostheart touches you!
* * * LOW HITPOINT WARNING * * *
The ironbound frostheart freezes you! You resist.
You die...

#...## #..###
##≈≈≈≈≈≈## ######
##...# ##...##
##≈#≈≈## ...###
###..# ###### .###
#...## ..## ###..##
...## ###.....##
#.÷÷####..####..##
###÷.#...#####..p##
##.....#####.###Y.#
#.##..#####......##
##...##.....##..###
###..#...⌠...###..#
####......(..##...##
.# ##...#########..#
.## ###..#######.###
..####....#.....##
##....##.#.###...#


You could see an ironbound frostheart.

Vanquished Creatures
  An ironbound frostheart (IceCv)
  A two-headed ogre (D:9)
  3 death yaks (IceCv)
  Nergalle (D:11)
  3 orc knights (Bailey)
  A deep elf zephyrmancer (D:6)
  A cyclops (D:11)
  An ugly thing (IceCv)
  An ice statue (IceCv)
  Joseph (D:10)
  Psyche (D:11)
  A kobold demonologist (D:11)
  A rime drake (IceCv)
  4 trolls (D:11)
  11 polar bears (IceCv)
  Grinder (D:4)
  3 slime creatures (D:6)
  A spriggan (D:9)
  29 yaks
  A wraith (D:8)
  A steam dragon (D:9)
  2 acid dragons (D:9)
  A water moccasin (D:8)
  A black bear (D:8)
  An ice beast (D:7)
  7 orc warriors
  3 sky beasts
  A necrophage (D:4)
  17 wolves (IceCv)
  An ogre (D:6)
  12 centaurs
  Blork the orc (D:5)
  7 kobold brigands
  A gnoll sergeant (D:11)
  A bullfrog (D:7)
  2 scorpions (D:5)
  4 killer bees
  8 wights
  2 howler monkeys (D:8)
  A centaur zombie (D:10)
  3 jellies
  6 hounds
  5 orc priests
  Crazy Yiuf (D:4)
  4 iguanas
  7 orc wizards
  A hound skeleton (D:5)
  A howler monkey zombie (D:8)
  5 adders
  11 gnolls
  7 white imps (D:12)
  2 adder skeletons
  A worm (D:2)
  32 orcs
  4 ball pythons
  10 endoplasms
  5 giant cockroaches
  11 goblins
  6 hobgoblins
  3 quokkas
  2 bats (D:2)
  A frilled lizard (D:3)
  25 kobolds
  2 rats
296 creatures vanquished.

Vanquished Creatures (others)
  An orc (D:10)
  2 demonic plants (D:2)
  6 fungi
  6 plants
  10 toadstools (D:6)
25 creatures vanquished.

Grand Total: 321 creatures vanquished

Notes
Turn   | Place    | Note
-------+----------+-------------------------------------------
     0 | D:1      | MisterFreud the Draconian Transmuter began the quest for
                  | the Orb.
     0 | D:1      | Reached XP level 1. HP: 16/16 MP: 3/3
   782 | D:2      | Reached XP level 2. HP: 23/23 MP: 3/5
  1011 | D:2      | Found a faded altar of an unknown god.
  1023 | D:2      | Reached XP level 3. HP: 12/28 MP: 6/6
  1136 | D:2      | Learned a level 2 spell: Wereblood
  1140 | D:2      | Learned a level 3 spell: Spider Form
  2166 | D:3      | Found a stormy altar of Qazlal.
  2205 | D:3      | Found a shadowy altar of Dithmenos.
  2806 | D:3      | Reached XP level 4. HP: 26/35 MP: 5/7
  3166 | D:4      | Noticed a necrophage
  3185 | D:4      | Killed a necrophage
  3186 | D:4      | Reached skill level 5 in Transmutations
  3186 | D:4      | Reached XP level 5. HP: 30/42 MP: 5/8
  3274 | D:4      | Found a runed translucent door.
  3275 | D:4      | Noticed Crazy Yiuf
  3722 | D:4      | Noticed Grinder
  3738 | D:4      | Killed Grinder
  3739 | D:4      | Reached skill level 4 in Unarmed Combat
  3739 | D:4      | Reached XP level 6. HP: 39/52 MP: 3/9
  3994 | D:4      | Reached skill level 5 in Unarmed Combat
  4576 | D:4      | Killed Crazy Yiuf
  4646 | D:5      | Entered Level 5 of the Dungeon
  4656 | D:5      | Your scales start taking on a golden yellow colour.
  4656 | D:5      | Reached XP level 7. HP: 59/59 MP: 10/10
  4656 | D:5      | Gained mutation: You are resistant to acid. (rCorr) [Yellow
                  | Draconian growth]
  4688 | D:5      | Reached skill level 6 in Unarmed Combat
  5100 | D:5      | Noticed Blork the orc
  5113 | D:5      | Killed Blork the orc
  5583 | D:5      | Reached XP level 8. HP: 66/66 MP: 7/11
  5752 | D:6      | Reached skill level 5 in Dodging
  6127 | D:6      | Learned a level 4 spell: Ice Form
  6497 | D:6      | Reached skill level 1 in Ice Magic
  6563 | D:6      | Noticed a deep elf zephyrmancer
  6573 | D:6      | Killed a deep elf zephyrmancer
  6833 | D:6      | Reached XP level 9. HP: 27/71 MP: 9/12
  7376 | D:6      | Got the Catalogue of Ashen Weightlessness
  7694 | D:7      | Found a staircase to the Ecumenical Temple.
  7709 | Temple   | Entered the Ecumenical Temple
  7718 | Temple   | Became a worshipper of Ru the Awakened
  8141 | D:7      | Reached skill level 5 in Fighting
  8781 | D:8      | Reached skill level 7 in Unarmed Combat
  8806 | D:8      | Found an iron altar of Okawaru.
  9066 | D:8      | Found a staircase to the Lair.
  9335 | D:8      | Gained mutation: You are sensitive to extremes of
                  | temperature. (rF-, rC-) [Ru sacrifice]
  9335 | D:8      | Reached * piety under Ru
  9335 | D:8      | Reached ** piety under Ru
  9494 | D:8      | Reached XP level 10. HP: 83/83 MP: 8/13
 10179 | D:9      | Found a runed translucent gate.
 10179 | D:9      | Found a runed translucent gate.
 10179 | D:9      | Found a runed translucent gate.
 10182 | D:9      | Noticed a spectral centaur warrior
 10182 | D:9      | Noticed dxctxrx's ghost (novice GnFE)
 10182 | D:9      | Noticed a spectral centaur warrior
 10340 | D:9      | Noticed a two-headed ogre
 10347 | D:9      | Killed a two-headed ogre
 10348 | D:9      | Reached skill level 8 in Unarmed Combat
 10530 | D:9      | Found a sparkling altar of Nemelex Xobeh.
 10530 | D:9      | Found a transporter.
 10568 | D:9      | Noticed a seven-headed hydra
 10569 | D:9      | Noticed a deep elf pyromancer
 10916 | D:9      | Reached skill level 9 in Unarmed Combat
 11383 | D:10     | Entered Level 10 of the Dungeon
 11771 | D:10     | Noticed Joseph
 11787 | D:10     | Killed Joseph
 11992 | D:10     | Found a flagged portal.
 12004 | Bailey   | Entered a bailey
 12031 | Bailey   | Noticed an orc knight
 12057 | Bailey   | Reached skill level 10 in Unarmed Combat
 12057 | Bailey   | Reached XP level 11. HP: 94/94 MP: 6/14
 12062 | Bailey   | Noticed an orc knight
 12072 | Bailey   | Gained mutation: You cannot be stealthy. [Ru sacrifice]
 12072 | Bailey   | Reached *** piety under Ru
 12126 | Bailey   | Killed an orc knight
 12251 | Bailey   | Noticed an orc knight
 12264 | Bailey   | Killed an orc knight
 12289 | Bailey   | HP: 5/112 [orc knight/+0 war axe (9)]
 12290 | Bailey   | Killed an orc knight
 12291 | Bailey   | Reached skill level 11 in Unarmed Combat
 13339 | D:11     | Noticed a sixfirhy
 14045 | D:11     | Noticed Nergalle
 14048 | D:11     | Noticed a spectral orc warlord
 14542 | D:11     | Reached skill level 12 in Unarmed Combat
 14778 | D:11     | Killed Nergalle
 15001 | D:11     | Found a glowing silver altar of Zin.
 15247 | D:11     | Found a staircase to the Orcish Mines.
 15399 | D:11     | Noticed Psyche
 15409 | D:11     | Killed Psyche
 15410 | D:11     | Reached skill level 10 in Fighting
 15532 | D:12     | Found a frozen archway.
 15559 | IceCv    | Entered an ice cave
 15760 | IceCv    | Noticed a white ugly thing
 15769 | IceCv    | Killed a white ugly thing
 15862 | IceCv    | Reached XP level 12. HP: 106/106 MP: 10/15
 15968 | IceCv    | Reached skill level 10 in Dodging
 16006 | IceCv    | Noticed a death yak
 16014 | IceCv    | Killed a death yak
 16409 | IceCv    | Noticed a death yak
 16409 | IceCv    | Noticed a death yak
 16409 | IceCv    | Noticed an ironbound frostheart
 16409 | IceCv    | Noticed an ironbound frostheart
 16414 | IceCv    | Reached skill level 5 in Spellcasting
 16417 | IceCv    | Killed a death yak
 16625 | IceCv    | Killed a death yak
 17002 | IceCv    | Killed an ironbound frostheart
 17003 | IceCv    | Reached skill level 5 in Evocations
 17131 | IceCv    | HP: 6/127 [ironbound frostheart (15)]
 17131 | IceCv    | Slain by an ironbound frostheart

Illustrated notes

Levels and vault maps discovered:
D:1:      heliophobic_arrival_enchanted_forest, layout_loops_corners
D:2:      wad_pebble_path, layout_loops_ring, shapermc_ecumenical_altar_gd,
          kennysheep_minor_cross, minmay_tromino_v4_a
D:3:      layout_basic, grunt_dithmenos_smoke, nicolae_qazlal_scattered_showers,
          kennysheep_boxes
D:4:      layout_basic, uniq_crazy_yiuf_cottage, uniq_grinder
D:5:      cheibrodos_helix_gallery, layout_basic, kennysheep_another_room,
          uniq_blork_the_orc
D:6:      cheibrodos_fertilizer, layout_basic, guppyfry_early_elven_hall
D:7:      layout_rooms, minmay_temple_entry_mini_moons, chequers_arboretum
D:8:      layout_loops_corners, okawaru_trees_2, lair_entry_dummy
D:9:      layout_basic, grunt_nemelex_the_gamble, gammafunk_ghost_necromancy,
          eino_tiny_chamber, serial_bayou_pond_b, the_hattery
D:10:     layout_small_grid, enter_bailey_7, uniq_joseph
D:11:     layout_rooms, minmay_orc_entry_temple_small, zin_treasury,
          uniq_nergalle, uniq_psyche
D:12:     layout_rooms, portal_ice_cave_entry_imps, gauntlet_entry_generic
Temple:   mainiacjoe_temple_coin_purse
IceCv:    ice_cave_caverns_03

Skill      XL: |  1  2  3  4  5  6  7  8  9 10 11 12 |
---------------+-------------------------------------+-----
Transmutations | 3 4 5 6 8 |  8.0
Fighting       | 2 4 6 8 10 | 10.0
Unarmed Combat | 4 5 6 7 10 12 | 12.0
Dodging        | 4 6 7 8 9 10 | 10.0
Ice Magic      | 3 4 |  4.0
Spellcasting   | 5 |  5.0
Evocations     | 5 |  5.3

Action                   |  1- 3 |  4- 6 |  7- 9 | 10-12 || total
-------------------------+-------+-------+-------+-------++-------
Melee: Unarmed           |   119 |    93 |   255 |   494 ||   961
       Tailslap          |    18 |     4 |     6 |    11 ||    39
       Headbutt          |     2 |       |       |       ||     2
       Punch             |     2 |     1 |     1 |     6 ||    10
       Kick              |     1 |     3 |       |       ||     4
 Cast: Beastly Appendage |     7 |     4 |       |       ||    11
       Spider Form       |       |     8 |    20 |     1 ||    29
       Ice Form          |       |       |    10 |    47 ||    57
Invok: Sacrifice Resista |       |       |     1 |       ||     1
       Sacrifice Stealth |       |       |       |     1 ||     1
 Abil: End Transformatio |       |     1 |     2 |     4 ||     7
       Breathe Acid      |       |       |    20 |    39 ||    59
Evoke: Lightning rod     |       |       |       |     1 ||     1
  Use: Scroll            |       |       |    16 |     4 ||    20
       Potion            |       |       |       |     1 ||     1
 Stab: Distracted        |     1 |       |       |     2 ||     3
       Invisible         |       |       |       |     2 ||     2
Armor: Skin              |    36 |    15 |    58 |   187 ||   296
Dodge: Dodged            |    63 |    45 |   204 |   448 ||   760
